 Dungeon Crawl Stone Soup version 0.25-a0-565-g8875c97ebb (webtiles) character file.

Game seed: 18015068936557603834, levelgen mode: deterministic

10713 Flugslaktarn the Cleaver (level 11, -6/108 HPs)
             Began as a Deep Dwarf Fighter on Feb 26, 2020.
             Was a Believer of Makhleb.
             Mangled by Snorg (15 damage)
             ... on level 11 of the Dungeon.
             The game lasted 00:05:00 (6144 turns).

Flugslaktarn the Cleaver (Deep Dwarf Fighter)       Turns: 6144, Time: 00:05:01

Health: -6/108     AC: 24    Str: 25    XL:     11   Next: 39%
Magic:  9/9        EV:  9    Int: 11    God:    Makhleb [**....]
Gold:   391        SH: 14    Dex: 12    Spells: 10/10 levels left

rFire    + . .     SeeInvis .   i - +2 hand axe (venom)
rCold    + . .     Gourm    .   j - +2 kite shield
rNeg     . . .     Faith    .   G - +0 plate armour
rPois    .         Spirit   .   p - +2 helmet
rElec    .         Reflect  .   f - +0 cloak {MR+}
rCorr    .         Harm     .   l - +2 pair of gloves
MR       ++...                  (no boots)
Stlth    ..........             (no amulet)
HPRegen  0.00/turn              E - ring of Effikypn {rC+ EV+3 Str+2 Int+2}
MPRegen  0.11/turn              (no ring)

@: non-regenerating, lightly drained
A: damage resistance, heal wounds, yellow scales 1, fire resistance 1, sense
surroundings 2, no regeneration
a: Heal Wounds, Minor Destruction, Renounce Religion


You were on level 11 of the Dungeon.
You worshipped Makhleb.
Makhleb was pleased with you.
You were not hungry.

You visited 2 branches of the dungeon, and saw 12 of its levels.
You also visited: Sewer.

You collected 571 gold pieces.
You spent 180 gold pieces at shops.

Inventory:

Hand Weapons
 a - a +0 war axe
 i - a +2 hand axe of venom (weapon)
   (You found it on level 1 of the Dungeon)
Missiles
 C - a throwing net (quivered)
Armour
 f - a +0 cloak of magic resistance (worn)
   (You bought it in a shop on level 10 of the Dungeon)
 j - a +2 kite shield (worn)
   (You took it off a gnoll sergeant on level 7 of the Dungeon)
 l - a +2 pair of gloves (worn)
   (You found it on level 7 of the Dungeon)
 p - a +2 helmet (worn)
   (You found it on level 9 of the Dungeon)
 G - a +0 plate armour (worn)
   (You found it on level 6 of the Dungeon)
Jewellery
 E - the ring of Effikypn (left hand) {rC+ EV+3 Str+2 Int+2}
   (You found it on level 6 of the Dungeon)

   [ring of evasion]

   It affects your evasion (+3).
   It affects your strength (+2).
   It affects your intelligence (+2).
   It protects you from cold.
Wands
 v - a wand of digging (10)
   (You took it off Sigmund on level 2 of the Dungeon)
 y - a wand of acid (6)
   (You found it on level 5 of the Dungeon)
Scrolls
 k - a scroll of summoning
 m - a scroll of fear
 o - 3 scrolls of fog
 q - 3 scrolls of enchant weapon
 r - a scroll of identify
 t - 3 scrolls of teleportation
 w - 3 scrolls of remove curse
 z - 2 scrolls of blinking
 B - 2 scrolls of magic mapping
 F - 2 scrolls of immolation
Potions
 d - 6 potions of might
 g - 2 potions of lignification
 h - 5 potions of heal wounds
 n - 2 potions of flight
 s - 3 potions of stabbing
 u - 8 potions of brilliance
 D - 3 potions of curing
Comestibles
 b - 5 chunks of flesh
 e - 20 rations


   Skills:
 * Level 9.8(9.7) Fighting
 * Level 11.3(11.1) Axes
 + Level 8.6(8.5) Armour
 + Level 8.6(8.4) Shields
 + Level 5.0(4.8) Invocations


You had 10 spell levels left.
You didn't know any spells.
Your spell library was empty.

Dungeon Overview and Level Annotations

Branches:
Dungeon (11/15)            Temple (1/1) D:4            Lair (0/6) D:11
  Sewer (visited)
    Orc: D:9-12

Altars:
Ashenzari
Cheibriados
Dithmenos
Fedhas
Gozag
Hepliaklqana
Kikubaaqudgha
Makhleb
Nemelex Xobeh
Okawaru
Qazlal
Ru
Sif Muna
Trog
Vehumet
Wu Jian
Xom
Yredelemnul
Zin
The Shining One

Shops:
D:5 *   D:10 [

Annotations:
D:5 2 transporters, utis's ghost, novice TeAM
D:11 Snorg


Innate Abilities, Weirdness & Mutations

You are resistant to damage.
You can heal yourself by infusing magical energy.
You passively map the area around you.
You do not regenerate.
You are partially covered in yellow scales. (AC +2)
Your flesh is heat resistant. (rF+)


Message History

You block Snorg's attack. Snorg claws you!
* * * LOW HITPOINT WARNING * * *
You block Snorg's attack.
You closely miss Snorg.
Snorg is severely wounded.
Snorg bites you!!
* * * LOW HITPOINT WARNING * * *
Snorg claws you!
* * * LOW HITPOINT WARNING * * *
Snorg claws you but does no damage. Snorg bites you but does no damage.
You block Snorg's attack. Snorg claws you but does no damage.
Evoke which item? (* to show all) (? for menu, Esc to quit)
Aiming: Corrosive Bolt
Press: ? - help, Shift-Dir - straight line, f/p - Snorg
Aim: Snorg (almost dead, berserk, fast, unusually strong, extremely poisoned, covered in acid)
The bolt of acid hits Snorg!
Snorg is splashed with acid.
Snorg seems to be corroded for longer.
Snorg is almost dead.
You block Snorg's attack. Snorg claws you but does no damage. Snorg claws you!
You die...

#........######.#......#.#
* #........# #........#..
*, #######'## ##......###
#..# #####.## # , #####'##
##.# #......# #..# ,
#......##########.##### ,*
#......T.##..........##
#.....@#..#..........##
#......##.#..........##
#......##.#..........))
#......##.#.....<....)# *
#.(....##............##
#......####..........##
#####'## ##.########## #.
#...* , , ###+######


You could see Snorg (berserk).

Vanquished Creatures
  Erica (D:8)
  2 two-headed ogres (D:11)
  An unseen horror (D:11)
  An ugly thing (D:11)
  An elephant (D:11)
  A gargoyle (D:11)
  A troll (D:11)
  Sigmund (D:2)
  5 yaks
  Eustachio (D:6)
  A basilisk (D:11)
  Grum (D:8)
  A water moccasin (D:7)
  2 black bears (D:10)
  4 ice beasts
  A phantom (D:11)
  A sky beast (D:5)
  3 wolves (D:8)
  7 centaurs
  6 ogres
  A crocodile (D:11)
  6 big kobolds
  10 bullfrogs
  2 gnoll sergeants
  A wyvern zombie (D:9)
  2 scorpions
  A water moccasin skeleton (D:6)
  3 killer bees (D:8)
  11 wights
  4 howler monkeys
  A centaur zombie (D:11)
  2 bullfrog zombies
  4 crimson imps
  5 jellies
  2 orc priests
  2 hounds
  A bullfrog skeleton (D:8)
  Crazy Yiuf (D:7)
  A gnoll shaman (D:5)
  8 orc wizards
  Jessica (D:2)
  2 centaur skeletons
  4 worker ants
  A killer bee zombie (D:5)
  A hound skeleton (D:7)
  3 worker ant zombies
  20 gnolls
  A howler monkey skeleton (D:11)
  7 adders
  4 shadow imps
  9 oozes
  A dart slug (D:1)
  3 leopard geckos
  26 orcs
  5 bats
  6 giant cockroaches
  A hobgoblin (D:1)
  4 jackals (D:8)
  20 kobolds
  A quokka (D:8)
  3 ball pythons
  3 frilled lizards
  6 goblins
  2 quokka zombies
  9 rats
  A plant (Sewer)
254 creatures vanquished.

Vanquished Creatures (others)
  A big kobold (D:10)
  A hound (D:8)
  A leopard gecko (D:8)
  An orc (D:8)
  2 kobolds (D:10)
6 creatures vanquished.

Grand Total: 260 creatures vanquished

Notes
Turn   | Place    | Note
-------+----------+-------------------------------------------
     0 | D:1      | Flugslaktarn the Deep Dwarf Fighter began the quest for the
                  | Orb.
     0 | D:1      | Reached XP level 1. HP: 20/20 MP: 1/1
    41 | D:1      | Reached XP level 2. HP: 20/27 MP: 2/2
   257 | D:2      | Noticed Sigmund
   267 | D:2      | Killed Sigmund
   267 | D:2      | Reached skill level 3 in Axes
   267 | D:2      | Reached XP level 3. HP: 10/36 MP: 2/2
   267 | D:2      | Reached XP level 4. HP: 12/44 MP: 3/3
   267 | D:2      | Reached XP level 5. HP: 14/50 MP: 4/4
   376 | D:2      | Noticed Jessica
   382 | D:2      | Killed Jessica
   382 | D:2      | Reached skill level 4 in Axes
   436 | D:3      | Found an ornate altar of the Wu Jian Council.
   526 | D:3      | Reached XP level 6. HP: 57/57 MP: 5/5
   652 | D:3      | Found a sacrificial altar of Ru.
   742 | D:4      | Found a staircase to the Ecumenical Temple.
   761 | Temple   | Entered the Ecumenical Temple
  1001 | D:4      | Found a radiant altar of Vehumet.
  1085 | D:4      | Found a hazy altar of Hepliaklqana.
  1435 | D:4      | Reached skill level 5 in Axes
  1444 | D:4      | Reached XP level 7. HP: 27/66 MP: 6/6
  1528 | D:5      | Entered Level 5 of the Dungeon
  1565 | D:5      | Reached skill level 5 in Fighting
  1636 | D:5      | Reached skill level 5 in Shields
  1681 | D:5      | Reached skill level 5 in Armour
  1692 | D:5      | Found a glowing drain.
  1696 | Sewer    | Entered a sewer
  1762 | Sewer    | Reached skill level 6 in Axes
  1839 | Sewer    | Reached XP level 8. HP: 61/75 MP: 7/7
  1973 | D:5      | Found a transporter.
  1975 | D:5      | Found an opulent altar of Gozag.
  1977 | D:5      | Found Gozag's Platinum Reserve.
  1991 | D:5      | Noticed utis's ghost (novice TeAM)
  1991 | D:5      | Identified the +0 dire flail of Hegalec {antimagic, rElec}
  2022 | D:5      | Found a transporter.
  2052 | D:5      | Found a sparkling altar of Nemelex Xobeh.
  2344 | D:6      | Reached skill level 7 in Axes
  2410 | D:6      | Noticed Eustachio
  2444 | D:6      | Killed Eustachio
  2555 | D:6      | Got a wavering silver ring
  2557 | D:6      | Found an ancient bone altar of Kikubaaqudgha.
  2741 | D:6      | Identified the ring of Effikypn {rC+ EV+3 Str+2 Int+2} (You
                  | found it on level 6 of the Dungeon)
  3036 | D:7      | Gained mutation: You passively map the area around you.
                  | [Deep Dwarf growth]
  3036 | D:7      | Reached XP level 9. HP: 66/85 MP: 8/8
  3071 | D:7      | Reached skill level 8 in Axes
  3562 | D:7      | Found a runed translucent door.
  3563 | D:7      | Noticed Crazy Yiuf
  3718 | D:7      | Killed Crazy Yiuf
  3762 | D:8      | Found a shimmering altar of Xom.
  3794 | D:8      | Reached skill level 9 in Axes
  3884 | D:8      | Noticed Erica
  3905 | D:8      | Killed Erica
  3905 | D:8      | Reached XP level 10. HP: 60/96 MP: 8/8
  4236 | D:8      | Found an iron altar of Okawaru.
  4236 | D:8      | Found a burning altar of Makhleb.
  4339 | D:8      | Became a worshipper of Makhleb the Destroyer
  4438 | D:8      | Noticed Grum
  4461 | D:8      | Killed Grum
  4461 | D:8      | Reached skill level 1 in Invocations
  4700 | D:9      | Found a shimmering blue altar of Sif Muna.
  4727 | D:9      | Found an iron altar of Okawaru.
  4803 | D:9      | Reached skill level 10 in Axes
  4846 | D:9      | Reached * piety under Makhleb
  5199 | D:10     | Entered Level 10 of the Dungeon
  5241 | D:10     | Found Wasoz's Antique Armour Shoppe.
  5285 | D:10     | Bought a glowing cloak for 180 gold pieces
  5406 | D:10     | Gained mutation: Your flesh is heat resistant. (rF+)
                  | [potion of mutation]
  5406 | D:10     | Gained mutation: You are partially covered in yellow
                  | scales. (AC +2) [potion of mutation]
  5711 | D:11     | Found a staircase to the Lair.
  5711 | D:11     | Noticed an elephant
  5730 | D:11     | Killed an elephant
  5805 | D:11     | Noticed a two-headed ogre
  5815 | D:11     | Killed a two-headed ogre
  5815 | D:11     | Reached XP level 11. HP: 71/106 MP: 8/10
  5855 | D:11     | Noticed a two-headed ogre
  5856 | D:11     | Reached ** piety under Makhleb
  5865 | D:11     | Killed an unseen horror
  5867 | D:11     | Noticed a white ugly thing
  5877 | D:11     | Killed a two-headed ogre
  5877 | D:11     | Reached skill level 11 in Axes
  5892 | D:11     | Killed a white ugly thing
  6006 | D:11     | Reached skill level 5 in Invocations
  6116 | D:11     | Noticed Snorg
  6144 | D:11     | Mangled by Snorg

Levels and vault maps discovered:
D:1:      ebering_hopf_link, layout_loops_ring
D:2:      layout_rooms, old_standard_altar, uniq_sigmund, uniq_jessica,
          uniq_natasha
D:3:      layout_loops_ring, nicolae_ru_sacrificial_ziggurat,
          lemuel_doored_altar, lemuel_round_altar
D:4:      layout_loops_ring, overflow_temple_1_default, kennysheep_mini_moat,
          minmay_temple_entry_stoned_glass, first_ration, hex_tiny,
          minmay_cupped
D:5:      layout_basic, nicolae_gozag_zags_fifth_avenue,
          nemelex_xobeh_ov_fountains_minmay, gammafunk_ghost_smash,
          gup_sewer_entry_bowl
D:6:      layout_cave_pools, lemuel_round_altar, kennysheep_generic_room_10,
          uniq_eustachio
D:7:      layout_basic, uniq_crazy_yiuf_cottage
D:8:      layout_gridville, xom_confusion_cloud,
          gammafunk_temple_overflow_elements, uniq_erica, uniq_grum
D:9:      layout_basic, lemuel_crystal_altar, hangedman_little_slice_of_home,
          okawaru_gym_becter
D:10:     layout_rooms, serial_shops, shop, lemuel_flamethrower_hall
D:11:     layout_roguey, david_lair_generic, uniq_snorg
Temple:   compressed_dpeg_triangle_lava_temple

Skill      XL: |  1  2  3  4  5  6  7  8  9 10 11 |
---------------+----------------------------------+-----
Fighting       | 3 4 5 6 8 9 |  9.8
Axes           | 3 4 5 6 7 9 10 11 | 11.3
Armour         | 4 5 6 7 8 |  8.6
Shields        | 4 5 6 7 8 |  8.6
Invocations    | 4 5 |  5.0

Action                   |  1- 3 |  4- 6 |  7- 9 | 10-12 || total
-------------------------+-------+-------+-------+-------++-------
Melee: War axe           |    27 |       |       |       ||    27
       Hand axe          |     6 |    87 |   356 |   416 ||   865
 Abil: Heal Wounds       |     1 |     5 |    10 |     7 ||    23
Evoke: Wand              |       |       |       |     2 ||     2
  Use: Scroll            |       |       |    16 |     3 ||    19
       Potion            |       |       |       |     1 ||     1
  Eat: Chunk             |       |     1 |    17 |     4 ||    22
Armor: Scale mail        |     9 |    17 |    80 |       ||   106
       Plate armour      |       |       |    73 |   178 ||   251
Dodge: Dodged            |    10 |    14 |   114 |   106 ||   244
Block: Kite shield       |    18 |    32 |   233 |   295 ||   578

Table legend:
 A = Non-vault XP
 B = Vault XP
 C = Vault XP percentage of total XP
 D = Non-vault monster count
 E = Vault monster count
 F = Vault count percentage of total count
                 A         B        C        D         E       F
            +---------+---------+-------+---------+---------+-------
      Total |   11386 |    3919 |  25.6 |     197 |      56 |  22.1
            +---------+---------+-------+---------+---------+-------
        D:1 |      25 |       0 |   0.0 |      12 |       0 |   0.0
        D:2 |      14 |     257 |  94.8 |       7 |       2 |  22.2
        D:3 |     176 |       0 |   0.0 |      19 |       0 |   0.0
        D:4 |      70 |     244 |  77.7 |       8 |       3 |  27.3
        D:5 |     635 |       5 |   0.8 |      20 |       4 |  16.7
        D:6 |     512 |     196 |  27.7 |      15 |       1 |   6.2
        D:7 |    1514 |      40 |   2.6 |      28 |       1 |   3.4
        D:8 |    1019 |    1589 |  60.9 |      23 |       9 |  28.1
        D:9 |     643 |     166 |  20.5 |      12 |       8 |  40.0
       D:10 |    2056 |       0 |   0.0 |      28 |       0 |   0.0
       D:11 |    4722 |     981 |  17.2 |      25 |       4 |  13.8
      Sewer |       0 |     441 | 100.0 |       0 |      24 | 100.0
            +---------+---------+-------+---------+---------+-------
